 Dungeon Crawl Stone Soup version 0.29.0-4-gdea44cf6ec (webtiles) character file.

Game seed: 13510425070676040204

16 qw the Sneak (level 2, -2/19 HPs)
             Began as a Gargoyle Delver on Sept 10, 2022.
             Slain by a jackal (3 damage)
             ... on level 4 of the Dungeon.
             The game lasted 00:00:05 (297 turns).

qw the Sneak (Gargoyle Delver)                       Turns: 297, Time: 00:00:06

Health: -2/19      AC:  7    Str: 15    XL:     2   Next: 58%
Magic:  1/2        EV: 10    Int: 10    God:
Gold:   27         SH:  0    Dex: 11    Spells: 1/1 levels left

rFire   . . .      SeeInvis .   a - +0 hand axe
rCold   . . .      Faith    .   (no shield)
rNeg    + . .      Spirit   .   j - +0 ring mail
rPois   inf        Reflect  .   (no helmet)
rElec   +          Harm     .   (no cloak)
rCorr   .          Rampage  .   (no gloves)
Will    .....                   (no boots)
Stlth   ++........              (no amulet)
HPRegen 0.06/turn               (no ring)
MPRegen 0.08/turn               (no ring)

@: no status effects
A: sickness immunity, AC +2, negative energy resistance 1, electricity
resistance, torment resistance 1, petrification resistance
a: no special abilities


You were on level 4 of the Dungeon.
You visited 1 branch of the dungeon, and saw 2 of its levels.

You collected 27 gold pieces.


Innate Abilities, Weirdness & Mutations

You are immune to sickness and miasma.
Your stone body is resilient. (AC +2)
You are immune to poison.
You resist negative energy. (rN+)
You are resistant to electric shocks. (rElec)
You are resistant to unholy torment.
You are immune to petrification.


   Skills:
 - Level 3.2 Fighting
 + Level 2.8 Axes
 - Level 1.5 Dodging
 - Level 5.4 Stealth


You had one spell level left.
You didn't know any spells.
Your spell library was empty.

Inventory:

Hand Weapons
 a - a +0 hand axe (weapon)
 h - a +0 mace
Missiles
 i - 4 boomerangs (quivered)
Armour
 j - a +0 ring mail (worn)
Wands
 g - a wand of digging (3)
Potions
 b - a potion of heal wounds {unknown}
 f - a potion of haste

Dungeon Overview and Level Annotations

Branches:
Dungeon (5/15)
 Temple: D:4-7

Altars:


Message History

You hit the giant cockroach.
You kill the giant cockroach!
You hit the jackal. You hit the jackal but do no damage.
You closely miss the orc. You barely miss the orc wizard. You hit the jackal.
The jackal misses you. The jackal closely misses you. The jackal bites you.
The jackal barely misses you. The orc barely misses you.
The orc wizard barely misses you. The jackal closely misses you. x2
You hit the jackal.
The jackal is severely wounded.
You completely miss the jackal. You closely miss the orc.
You closely miss the jackal.
You hit the orc wizard but do no damage.
You hit the jackal but do no damage.
The jackal bites you but does no damage.
The jackal barely misses you. The jackal closely misses you. x2
The orc hits you but does no damage.
A jelly comes into view.
The orc wizard closely misses you. The jackal bites you.
The jelly quivers.
You hit the jackal.
You kill the jackal!
You miss the orc wizard. You hit the jackal. x2
You hit the orc but do no damage. You closely miss the jackal.
The jackal bites you but does no damage.
The jackal barely misses you.
The jackal bites you but does no damage.
The orc wizard gestures at you while chanting.
The puff of flame hits you! The orc hits you with a +0 dagger.
The jackal barely misses you. x2; The jackal completely misses you.
The adder misses you.
You hit the jackal.
The jackal is almost dead.
You hit the orc but do no damage. You hit the jackal but do no damage.
You closely miss the orc wizard. You miss the adder.
You closely miss the jackal.
The jackal bites you but does no damage. x2
The jackal closely misses you. The orc hits you but does no damage.
The orc wizard barely misses you. The adder bites you but does no damage.
The jackal bites you.
You die...

########
##......##
#........##
..........#
........>.# ##
.......h..# ...#
.......o@h#.....
.......Shoh.....
.?.....>.#......
......%.........
................
...J...........#
...........#####
..........##
.........##


You could see a jelly, an orc wizard, an adder, an orc and 4 jackals.

Vanquished Creatures
  6 orcs
  A giant cockroach (D:4)
  2 jackals (D:4)
9 creatures vanquished.

Notes
Turn   | Place    | Note
-------+----------+-------------------------------------------
     0 | D:5      | qw the Gargoyle Delver began the quest for the Orb.
     0 | D:5      | Reached XP level 1. HP: 14/14 MP: 1/1
     0 | D:5      | 0 ||| qw: Version: 0.1-a-116-g5d60599
     0 | D:5      | 0 ||| qw: Game counter: 8538
     0 | D:5      | 0 ||| qw: Always use a shield: true
     0 | D:5      | 0 ||| qw: God list: Okawaru
     0 | D:5      | 0 ||| qw: Allow faded altars: false
     0 | D:5      | 0 ||| qw: Do Orc after D:15 true
     0 | D:5      | 0 ||| qw: Do second Lair branch before Depths: true
     0 | D:5      | 0 ||| qw: Lair rune preference: random
     0 | D:5      | 0 ||| qw: Plans: Normal
     0 | D:5      | 0 ||| PLANNING D:1-11
    90 | D:5      | Reached XP level 2. HP: 9/19 MP: 2/2
   125 | D:5      | Noticed an ice beast
   126 | D:5      | 126 ||| Stepping ~*~*~tactically~*~*~ (stealth).
   260 | D:5      | 260 ||| UPGRADING to +0 ring mail.
   270 | D:5      | 270 ||| DROPPING +0 leather armour.
   271 | D:5      | 271 ||| DROPPING scroll of fog.
   272 | D:5      | 272 ||| DROPPING scroll of magic mapping.
   273 | D:5      | 273 ||| DROPPING scroll of fear.
   296 | D:4      | HP: 2/19 [orc wizard/puff of flame (7)]
   297 | D:4      | Slain by a jackal

Levels and vault maps discovered:
D:4:      layout_rooms, mainiacjoe_overflow_divided_tiny
D:5:      layout_loops_cross, nicolae_overflow_two_pavilions,
          hellmonk_ghost_happy_afterlife

Skill      XL: |  1 |
---------------+----+-----
Axes           | 2 |  2.8
Fighting       | |  3.2
Dodging        | |  1.5
Stealth        | |  5.4

Action                   || total
-------------------------++-------
Melee: Hand axe          ||    23
Armor: Leather armour    ||     4
       Ring mail         ||    26
Dodge: Dodged            ||    46

Table legend:
 A = Non-vault XP
 B = Vault XP
 C = Vault XP percentage of total XP
 D = Non-vault monster count
 E = Vault monster count
 F = Vault count percentage of total count
                 A         B        C        D         E       F
            +---------+---------+-------+---------+---------+-------
      Total |      24 |       0 |   0.0 |       9 |       0 |   0.0
            +---------+---------+-------+---------+---------+-------
        D:4 |      12 |       0 |   0.0 |       5 |       0 |   0.0
        D:5 |      12 |       0 |   0.0 |       4 |       0 |   0.0
            +---------+---------+-------+---------+---------+-------
